Map: Submarine LE

Players

cure

  • Race: Terran Terran
  • Spawn Location: 5:00

LiquidClem (Clem) - Winner!

  • Race: Terran Terran
  • Spawn Location: 11:00

Event: StayAtHomestory Cup #2

VOD

Have the link to the VOD?

Description

Time

  • Played on: June 12, 2020, 2:07 p.m.
  • Length: 9:37

All games in this series

Show
View Real Time Build Order
Export as new Build Order

cure Terran 

Build Orders:  

Get SALT Encoding   

  12  0:00  SCV  
  13  0:13  SCV  
  14  0:17  Supply Depot  
  14  0:25  SCV  
  14  0:27  Refinery  
  15  0:38  SCV  
  16  0:43  Barracks  
  16  0:50  SCV  
  16  0:53  Refinery  
  17  1:02  SCV  
  18  1:14  SCV  
  19  1:30  Orbital Command  
  19  1:31  Reaper  
  20  1:35  Factory  
  20  1:46  Supply Depot  
  20  1:56  SCV  
  21  2:03  Reaper  
  21  2:08  SCV  
  23  2:12  Bunker  
  23  2:19  Hellion  
  23  2:20  SCV  
  26  2:33  SCV  
  26  2:35  Barracks Reactor  
  27  2:41  Widow Mine  
  27  2:42  Supply Depot  
  29  2:46  SCV  
  30  2:53  Command Center  
  30  2:58  SCV  
  30  3:05  Starport  
  31  3:07  Factory Tech Lab  
  31  3:11  SCV  
  31  3:12  Marine  
  33  3:16  Marine  
  34  3:23  SCV  
  34  3:26  Cyclone  
  38  3:31  Supply Depot  
  38  3:35  SCV  
  39  3:43  Marine  
  39  3:45  Marine  
  39  3:47  SCV  
  39  3:51  Starport Tech Lab  
  36  4:01  SCV, Marine  
  36  4:03  Marine  
  36  4:06  Cyclone  
  40  4:18  SCV  
  40  4:19  Raven  
  43  4:24  Marine x2  
  43  4:30  SCV  
  46  4:42  SCV  
  46  4:44  Marine x2  
  43  4:50  Orbital Command  
  43  4:54  SCV  
  47  5:02  Refinery, Marine  
  47  5:03  Marine  
  47  5:05  Raven  
  48  5:07  SCV  
  49  5:15  Supply Depot  
  49  5:18  SCV  
  49  5:19  SCV  
  49  5:20  Marine x2  
  53  5:30  Siege Tank  
  53  5:31  SCV  
  53  5:32  SCV  
  55  5:42  Marine x2  
  56  5:43  SCV  
  56  5:44  SCV  
  59  5:52  Viking  
  59  5:56  SCV, Supply Depot  
  62  5:57  Supply Depot  
  62  6:18  SCV x2, Marine, Siege Tank  
  68  6:22  Command Center  
  68  6:23  Supply Depot  
  68  6:30  SCV x2  
  70  6:42  SCV x2  
  70  6:44  Viking x2  
  70  6:47  Supply Depot  
  76  6:49  Marine  
  76  6:52  Siege Tank  
  80  6:56  SCV x2  
  82  7:05  Refinery  
  82  7:06  Stimpack, Marine  
  82  7:08  SCV  
  84  7:09  Supply Depot  
  84  7:13  SCV  
  84  7:14  Viking  
  87  7:17  Viking  
  87  7:20  SCV  
  90  7:25  SCV  
  91  7:31  Marine, Siege Tank  
  91  7:34  Orbital Command  
  97  7:44  SCV x2  
  97  7:48  Marine  
  97  7:50  Barracks  
  98  7:51  Barracks  
  98  7:52  Viking x2  
  98  7:55  Orbital Command  
  102  8:01  SCV x2  
  102  8:05  Supply Depot x2  
  104  8:06  Marine  
  105  8:14  Engineering Bay x2  
  94  8:21  SCV x3  
  91  8:33  SCV x3, Marine  
  82  8:34  Viking, Siege Tank  
  80  8:45  SCV x3  
  72  8:57  SCV x2  
  72  8:58  SCV, Marauder  
  72  8:59  Barracks Reactor, Barracks Tech Lab  
  72  9:09  SCV  
  72  9:10  SCV x2  
  73  9:19  Barracks x2  
Show
View Real Time Build Order
Export as new Build Order

LiquidClem Terran - Winner!

Build Orders: Mech 

Get SALT Encoding   

  12  0:00  SCV  
  13  0:12  SCV  
  14  0:17  Supply Depot  
  14  0:25  SCV  
  15  0:29  Refinery  
  15  0:38  SCV  
  16  0:44  Barracks  
  16  0:50  SCV  
  16  0:55  Refinery  
  17  1:02  SCV  
  18  1:15  SCV  
  19  1:31  Orbital Command  
  19  1:32  Factory  
  19  1:34  Barracks Reactor  
  19  1:42  Supply Depot  
  19  1:57  SCV  
  20  2:09  SCV  
  20  2:11  Reaper  
  20  2:12  Reaper  
  25  2:16  Hellion  
  26  2:27  Command Center  
  25  2:30  SCV  
  28  2:37  Hellion  
  28  2:44  Reaper x2  
  30  2:46  Supply Depot  
  30  2:53  Starport  
  30  2:56  SCV  
  31  3:08  Hellion  
  31  3:11  SCV  
  34  3:15  Marine  
  34  3:16  Marine  
  36  3:23  SCV  
  37  3:29  Factory Tech Lab  
  37  3:32  Medivac  
  39  3:38  Marine x2  
  39  3:39  SCV  
  39  3:40  Orbital Command  
  42  3:51  SCV  
  42  3:53  Siege Tank  
  46  3:56  Marine  
  46  3:59  Marine  
  47  4:03  SCV, Refinery  
  48  4:12  SCV  
  48  4:20  Supply Depot  
  48  4:21  Starport Tech Lab  
  48  4:22  Marine x2  
  51  4:24  SCV  
  51  4:25  Siege Tank  
  54  4:38  SCV x2  
  54  4:40  Marine  
  54  4:43  Marine  
  54  4:45  Raven  
  55  4:50  SCV  
  55  4:51  SCV  
  50  4:57  Marine  
  50  4:58  Siege Tank  
  54  5:01  Supply Depot  
  54  5:02  Marine  
  54  5:03  SCV  
  54  5:06  SCV  
  57  5:15  SCV  
  58  5:25  SCV, Marine x2  
  58  5:27  SCV  
  58  5:28  Viking, Supply Depot  
  64  5:30  Siege Tank  
  67  5:37  SCV  
  67  5:39  SCV  
  69  5:43  Marine  
  69  5:46  Supply Depot  
  69  5:48  Marine  
  69  5:49  SCV  
  70  5:52  SCV  
  70  5:53  Supply Depot  
  71  6:01  SCV, Command Center  
  71  6:02  Siege Tank  
  75  6:07  SCV  
  76  6:13  Liberator  
  76  6:15  Viking, Supply Depot  
  81  6:20  Refinery  
  81  6:25  SCV, Supply Depot  
  83  6:26  SCV  
  84  6:35  Siege Tank  
  86  6:41  SCV x2  
  86  6:44  Factory  
  86  6:46  Supply Depot, Factory  
  88  6:51  Viking  
  90  6:55  Supply Depot  
  90  7:02  Viking  
  90  7:05  SCV  
  90  7:06  Refinery  
  90  7:08  Refinery  
  93  7:11  Siege Tank  
  96  7:15  SCV  
  96  7:17  SCV  
  96  7:19  Engineering Bay  
  98  7:23  Viking  
  100  7:32  Viking  
  100  7:34  SCV x2, Siege Tank  
  107  7:39  Orbital Command  
  107  7:40  Factory Reactor  
  107  7:46  SCV  
  107  7:49  Siege Tank  
  110  7:53  SCV  
  110  7:55  Viking  
  113  7:58  SCV  
  113  8:02  Viking  
  116  8:11  Siege Tank  
  119  8:13  SCV x2  
  119  8:14  SCV  
  114  8:21  Siege Tank  
  114  8:22  Hellion  
  114  8:25  Viking  
  114  8:26  SCV  
  117  8:30  SCV  
  117  8:32  SCV, Viking  
  111  8:39  Hellion  
  111  8:40  SCV  
  101  8:42  SCV  
  101  8:44  SCV  
  103  8:49  Hellion  
  103  8:54  SCV, Viking  
  103  8:55  Siege Tank  
  103  9:02  Viking  
  105  9:05  Hellion  
  109  9:12  SCV x3  
  109  9:16  Hellion  
  113  9:24  SCV x2  
Tags
 
Add a new tag
Caveats
  • Supply blocks, unpowered buildings, or Contaminate may cause inaccurate times.
  • Supply counts are checked every 10 seconds.